Map: Lerilak Crest

Players

LilDicky - Winner!

  • Race: Terran Terran
  • League: Diamond

Lugubrious

  • Race: Terran Terran
  • League: Diamond

VOD

http://www.twitch.tv/tumescentpie

Description

Time

  • Played on: Dec. 7, 2015, 11:30 a.m.
  • Length: 8:11
Show
View Real Time Build Order
Export as new Build Order

LilDicky Terran - Winner!

Build Orders: Mech, Banshee Rush 

Get SALT Encoding   

  12  0:02  SCV  
  13  0:14  SCV  
  13  0:18  Supply Depot  
  14  0:26  SCV  
  14  0:28  Refinery  
  15  0:40  SCV  
  16  0:45  Barracks  
  16  0:52  SCV  
  17  1:04  SCV  
  18  1:16  SCV  
  19  1:28  SCV  
  20  1:37  Reaper  
  20  1:39  Supply Depot  
  21  1:40  Orbital Command  
  21  1:45  Refinery  
  21  2:10  Marine  
  21  2:15  SCV  
  23  2:21  Command Center, Factory  
  23  2:28  Marine  
  24  2:37  SCV  
  25  2:46  Marine  
  25  2:49  Supply Depot, SCV  
  27  3:01  SCV  
  28  3:06  Factory Tech Lab  
  28  3:07  Starport  
  28  3:09  Marine  
  29  3:14  SCV  
  29  3:16  Supply Depot  
  30  3:26  SCV  
  31  3:27  Marine  
  31  3:37  Engineering Bay  
  31  3:38  Orbital Command  
  31  3:45  Marine  
  31  3:47  Factory Tech Lab  
  32  3:52  Banshee, Cloaking Field  
  35  4:02  Marine  
  35  4:05  SCV x2  
  37  4:10  Siege Tank  
  40  4:19  SCV  
  40  4:20  Marine  
  42  4:38  Marine  
  39  4:40  Missile Turret  
  31  4:56  Marine  
  31  4:57  Viking  
  31  4:58  Siege Tank, Orbital Command  
  35  5:14  Marine  
  36  5:32  Marine  
  37  5:55  Siege Tank  
  37  6:00  Banshee  
  37  6:01  SCV  
  37  6:02  SCV  
  42  6:14  SCV x2  
  42  6:15  Factory  
  42  6:17  Factory, Refinery  
  42  6:18  Refinery  
  44  6:26  SCV x2  
  46  6:44  Siege Tank  
  45  7:00  Banshee  
  46  7:11  SCV  
  46  7:18  Command Center  
  46  7:26  Refinery  
  46  7:27  Refinery  
  46  7:44  SCV  
  46  7:49  Factory Tech Lab x2  
  53  7:56  SCV x2  
  53  7:58  Missile Turret x2  
  55  7:59  Missile Turret  
Show
View Real Time Build Order
Export as new Build Order

Lugubrious Terran 

Build Orders: 1/1/1 

Get SALT Encoding   

  12  0:01  SCV  
  13  0:13  SCV  
  14  0:17  Supply Depot  
  14  0:25  SCV  
  15  0:29  Refinery  
  15  0:39  SCV  
  16  0:46  Barracks  
  16  0:51  SCV  
  17  1:03  SCV  
  18  1:15  SCV  
  20  1:33  Orbital Command  
  20  1:37  Factory  
  19  1:44  Marine  
  19  1:45  Supply Depot  
  20  2:04  SCV  
  20  2:06  Marine  
  22  2:16  SCV  
  23  2:26  Starport  
  23  2:29  Command Center  
  23  2:37  SCV  
  23  2:42  Marine  
  25  2:45  Supply Depot  
  25  2:49  SCV  
  26  3:01  Hellion  
  28  3:06  SCV  
  28  3:09  Marine  
  28  3:11  Refinery  
  30  3:18  Starport Tech Lab  
  30  3:20  SCV  
  30  3:23  Hellion  
  33  3:28  Marine  
  34  3:35  SCV  
  35  3:42  Banshee  
  35  3:44  Orbital Command  
  38  3:51  Hellion  
  38  3:53  Marine  
  38  3:54  Factory  
  41  3:57  SCV  
  42  4:08  Orbital Command  
  43  4:12  SCV  
  43  4:16  Factory Tech Lab  
  43  4:26  Supply Depot  
  43  4:30  Viking  
  43  4:39  Engineering Bay  
  36  4:59  Marine  
  37  5:00  Widow Mine  
  37  5:02  Cyclone  
  39  5:07  Missile Turret  
  39  5:09  Missile Turret  
  37  5:17  Marine  
  40  5:35  Marine  
  39  5:54  SCV x2  
  38  6:03  Barracks Reactor, Hellion  
  38  6:04  Siege Tank  
  40  6:05  Command Center  
  40  6:10  Barracks  
  40  6:12  Terran Infantry Weapons Level 1, Barracks  
  40  6:14  Barracks  
  40  6:16  Supply Depot  
  40  6:27  Hellion, Infernal Pre-Igniter  
  42  6:33  SCV  
  43  6:43  Orbital Command  
  43  6:50  Supply Depot  
  43  6:52  Siege Tank  
  43  6:53  Supply Depot x2  
  42  7:02  SCV  
  42  7:07  Barracks Tech Lab  
  43  7:14  Marine x3  
  46  7:17  Hellion x2  
  46  7:21  Orbital Command  
  46  7:27  Marauder  
  48  7:32  Siege Tank, Marine  
  48  7:35  Marine x2  
  54  7:42  Hellion  
  54  7:43  Hellion  
  58  7:48  Marine  
  59  7:51  Marine  
Tags
 
Add a new tag
Caveats
  • Supply blocks, unpowered buildings, or Contaminate may cause inaccurate times.
  • Supply counts are checked every 10 seconds.